 Dungeon Crawl Stone Soup version 0.26-a0-200-g62faa89a7e (webtiles) character file.

Game seed: 12587904111500660224

25 BeastOfSaturn the Stinger (level 2, 0/19 HPs)
             Began as a Demonspawn Venom Mage on July 5, 2020.
             Slain by a jackal (3 damage)
             ... on level 1 of the Dungeon.
             The game lasted 00:04:30 (615 turns).

BeastOfSaturn the Stinger (Demonspawn Venom Mage)    Turns: 615, Time: 00:04:31

Health: 0/19       AC:  2    Str:  8    XL:     2   Next: 82%
Magic:  0/5        EV: 12    Int: 16    God:
Gold:   34         SH:  0    Dex: 15    Spells: 2/5 levels left

rFire    . . .     SeeInvis .   i - +0 spear
rCold    . . .     Faith    .   (no shield)
rNeg     . . .     Spirit   .   a - +0 robe
rPois    .         Reflect  .   (no helmet)
rElec    .         Harm     .   (no cloak)
rCorr    .                      (no gloves)
MR       .....                  (no boots)
Stlth    ++........             (no amulet)
HPRegen  0.06/turn              (no ring)
MPRegen  0.09/turn              (no ring)

@: very slightly contaminated
A: thin skeletal structure 1
a: no special abilities


You were on level 1 of the Dungeon.
You were not hungry.

You visited 1 branch of the dungeon, and saw 1 of its levels.

You collected 34 gold pieces.

Inventory:

Hand Weapons
 d - a +0 short sword
 i - a +0 spear (weapon)
Armour
 a - a +0 robe (worn)
Scrolls
 e - a scroll of identify {unknown}
 g - a scroll of teleportation {unknown}
Potions
 f - 5 potions of curing {unknown}
 h - a potion of might {unknown}
Comestibles
 b - 5 chunks of flesh
 c - 2 rations


   Skills:
 - Level 0.1 Short Blades
 - Level 1.7 Dodging
 - Level 1.7 Stealth
 * Level 2.3 Spellcasting
 - Level 0.8 Transmutations
 * Level 3.8 Poison Magic


You had 2 spell levels left.
You knew the following spells:

 Your Spells              Type           Power        Failure   Level  Hunger
a - Sting                 Tmut/Pois      #...         8%          1    #......
b - Poisonous Vapours     Pois/Air       #.....       14%         2    ###....

Your spell library contained the following spells:

 Spells                   Type           Power        Failure   Level  Hunger
 Ignite Poison            Fire/Tmut/Pois #.......     32%         3    ###....
 Mephitic Cloud           Conj/Pois/Air  #.......     34%         3    ###....
 Olgreb's Toxic Radiance  Pois           ##......     38%         4    #####..


Dungeon Overview and Level Annotations

Branches:
Dungeon (1/15)

Altars:


Innate Abilities, Weirdness & Mutations

You have a somewhat thin skeletal structure. (Dex +2, Stealth)


Message History

The jackal bites you.
* * * LOW HITPOINT WARNING * * *
Casting: Sting (safe; 8% risk of failure)
Confirm with . or Enter, or press ? or * to list all spells.
Aiming: Sting (safe; 8% risk of failure)
Press: ? - help, Shift-Dir - straight line, f - giant cockroach, p - jackal
Aim: a giant cockroach You miscast Sting.
You are very lightly contaminated with residual magic.
Nothing appears to happen.
The jackal bites you.
* * * LOW HITPOINT WARNING * * *
Casting: Sting (safe; 8% risk of failure)
Confirm with . or Enter, or press ? or * to list all spells.
Aiming: Sting (safe; 8% risk of failure)
Press: ? - help, Shift-Dir - straight line, f/p - giant cockroach
Aim: a giant cockroach The sting hits the jackal.
The jackal is poisoned.
The jackal is heavily wounded.
The jackal bites you.
You die...

#.#..##.............#####.#
##.##>)##.##.#####..'÷#÷'.##
####..##.##.# #..#####..#
#..##...##.# #..'.#.'..#
##.##.####.# #..#####..#
###### #.# #..'÷#÷'..# #.#
##.#####..# #.# #........##
#@# ######..... #h# #.###.
####### ##s## ######.###.
#.....# ##...## #.......##.
#.###.#
###.....####.####..##. #.#
#.# #............# #..##.
#.###.####.###.########
#..##. #.##.......# #.#
#..... #.##..###### #.#
##.###


You could see a jackal (poisoned) and a giant cockroach.

Vanquished Creatures
  A bat (D:1)
  2 giant cockroaches (D:1)
  2 goblins (D:1)
  3 hobgoblins (D:1)
  3 jackals (D:1)
  A frilled lizard (D:1)
  A kobold (D:1)
  12 rats (D:1)
25 creatures vanquished.

Notes
Turn   | Place    | Note
-------+----------+-------------------------------------------
     0 | D:1      | BeastOfSaturn the Demonspawn Venom Mage began the quest for
                  | the Orb.
     0 | D:1      | Reached XP level 1. HP: 13/13 MP: 3/3
   148 | D:1      | Gained mutation: You have a somewhat thin skeletal
                  | structure. (Dex +2, Stealth) [demonic ancestry]
   148 | D:1      | Reached XP level 2. HP: 19/19 MP: 0/5
   205 | D:1      | Learned a level 2 spell: Poisonous Vapours
   615 | D:1      | Slain by a jackal

Illustrated notes

Levels and vault maps discovered:
D:1:      onia_arrival_handbag, layout_loops_corners, st_stairs_7,
          minmay_rat_gold_closets

Action                   || total
-------------------------++-------
Melee: Unarmed           ||     2
       Short sword       ||    27
       Spear             ||     8
 Cast: Sting             ||    22
       Poisonous Vapours ||     3
 Stab: Sleeping          ||     4
Armor: Robe              ||     6
Dodge: Dodged            ||    23

Table legend:
 A = Non-vault XP
 B = Vault XP
 C = Vault XP percentage of total XP
 D = Non-vault monster count
 E = Vault monster count
 F = Vault count percentage of total count
                 A         B        C        D         E       F
            +---------+---------+-------+---------+---------+-------
      Total |      25 |      11 |  30.6 |      15 |      10 |  40.0
            +---------+---------+-------+---------+---------+-------
        D:1 |      25 |      11 |  30.6 |      15 |      10 |  40.0
            +---------+---------+-------+---------+---------+-------
